Map: Ulrena

Players

zidar

  • Race: Zerg Zerg
  • League: Silver
  • Spawn Location: 7:00

Leogp - Winner!

  • Race: Protoss Protoss
  • League: Gold
  • Spawn Location: 11:00

VOD

Have the link to the VOD?

Description

Time

  • Played on: Jan. 18, 2016, 1:37 p.m.
  • Length: 12:21
Show
View Real Time Build Order
Export as new Build Order

zidar Zerg 

Build Orders: Pool First 

Get SALT Encoding   

  12  0:02  Drone  
  13  0:12  Overlord  
  13  0:17  Drone  
  14  0:30  Drone x2  
  14  0:35  Drone  
  17  0:47  Spawning Pool  
  17  0:50  Drone  
  17  1:16  Extractor, Drone  
  17  1:18  Hatchery  
  17  1:20  Drone  
  17  1:35  Queen  
  19  1:41  Drone x2  
  21  1:47  Overlord  
  21  1:52  Drone  
  22  2:11  Queen  
  24  2:24  Drone x2  
  26  2:34  Overlord, Queen  
  28  2:38  Zergling x4  
  29  2:53  Metabolic Boost  
  29  3:00  Roach Warren  
  28  3:11  Drone x5  
  33  3:23  Drone x4  
  37  3:28  Extractor  
  37  3:31  Drone x2  
  38  3:39  Queen  
  40  3:59  Hatchery  
  39  4:08  Roach x2  
  43  4:12  Drone  
  44  4:19  Spore Crawler  
  44  4:23  Spore Crawler  
  42  4:44  Lair  
  42  4:56  Extractor x2  
  40  5:03  Spore Crawler  
  40  5:04  Spore Crawler  
  38  5:08  Spore Crawler  
  37  5:50  Hydralisk Den  
  36  5:58  Drone x6  
  36  5:59  Evolution Chamber  
  36  6:00  Overlord x3, Evolution Chamber  
  36  6:01  Overlord x3  
  40  6:26  Drone x10  
  40  6:27  Drone x5  
  55  6:48  Drone x3  
  55  6:51  Hydralisk x3  
  64  6:57  Zerg Ground Armor Level 1  
  64  7:02  Zerg Missile Weapons Level 1  
  64  7:18  Hydralisk x5  
  64  7:21  Hydralisk  
  75  7:49  Drone x5  
  75  7:50  Drone x3  
  83  7:55  Hydralisk  
  83  7:56  Hydralisk x3  
  90  8:21  Hatchery  
  89  8:28  Overlord  
  89  8:29  Overlord x6  
  89  8:54  Pneumatized Carapace  
  89  8:57  Roach x9  
  89  8:58  Hydralisk x4  
  115  9:03  Zerg Ground Armor Level 2  
  115  9:07  Zerg Melee Weapons Level 1  
  115  9:23  Lurker Den  
  115  9:29  Roach x6  
  115  9:30  Hydralisk  
  129  9:50  Roach x6  
  129  9:51  Hydralisk x3  
  147  9:57  Infestation Pit  
  146  10:23  Extractor  
  145  10:29  Extractor  
  106  10:57  Hydralisk x16  
  56  10:58  Hydralisk x3  
  56  11:01  Hydralisk  
  56  11:03  Hydralisk  
  96  11:06  Hydralisk  
  96  11:09  Hydralisk  
  100  11:14  Hydralisk  
  60  11:46  Hydralisk x7  
  42  11:48  Hydralisk  
Show
View Real Time Build Order
Export as new Build Order

Leogp Protoss - Winner!

Build Orders: Nexus First 

Get SALT Encoding   

  12  0:03  Probe (Chrono Boost)  
  13  0:13  Probe (Chrono Boost)  
  14  0:24  Probe (Chrono Boost)  
  15  0:47  Nexus  
  15  0:53  Pylon  
  15  1:03  Assimilator  
  15  1:11  Probe (Chrono Boost)  
  15  1:16  Gateway  
  16  1:21  Pylon  
  16  1:26  Probe (Chrono Boost)  
  17  1:37  Probe (Chrono Boost)  
  18  1:43  Assimilator  
  18  1:47  Probe (Chrono Boost)  
  19  1:58  Probe (Chrono Boost)  
  19  2:00  Probe (Chrono Boost)  
  21  2:07  Cybernetics Core  
  21  2:10  Probe (Chrono Boost)  
  22  2:17  Pylon  
  22  2:19  Zealot  
  22  2:21  Probe (Chrono Boost)  
  25  2:26  Assimilator  
  25  2:31  Probe (Chrono Boost)  
  25  2:32  Probe (Chrono Boost)  
  27  2:41  Probe (Chrono Boost)  
  27  2:42  Probe (Chrono Boost)  
  29  2:52  Probe (Chrono Boost)  
  29  2:53  Probe (Chrono Boost)  
  29  2:54  Assimilator  
  31  3:03  Probe (Chrono Boost)  
  31  3:04  Stargate  
  32  3:11  Stargate  
  32  3:14  Probe (Chrono Boost)  
  32  3:16  Probe (Chrono Boost)  
  34  3:24  Probe (Chrono Boost)  
  36  3:27  Probe (Chrono Boost)  
  36  3:35  Probe (Chrono Boost)  
  36  3:37  Probe (Chrono Boost)  
  36  3:40  Pylon  
  38  3:41  Pylon  
  38  3:55  Void Ray x2 (Chrono Boost)  
  42  4:02  Probe  
  47  4:12  Probe  
  47  4:14  Probe  
  49  4:24  Probe  
  49  4:26  Probe  
  49  4:27  Stargate  
  51  4:34  Pylon  
  51  4:35  Pylon  
  51  4:36  Probe  
  51  4:38  Probe  
  53  4:48  Probe  
  53  4:52  Void Ray x2 (Chrono Boost)  
  62  5:02  Robotics Facility  
  62  5:06  Pylon  
  62  5:12  Probe  
  67  5:22  Void Ray (Chrono Boost)  
  67  5:29  Void Ray (Chrono Boost)  
  67  5:30  Pylon  
  75  5:36  Void Ray (Chrono Boost)  
  75  5:45  Assimilator  
  75  5:47  Assimilator  
  75  5:52  Nexus  
  75  5:58  Probe x2  
  77  6:10  Probe x2  
  79  6:20  Observer  
  79  6:22  Probe  
  79  6:23  Probe  
  79  6:24  Stargate  
  82  6:29  Pylon  
  82  6:31  Pylon  
  82  6:32  Pylon  
  82  6:36  Void Ray (Chrono Boost)  
  82  6:37  Void Ray (Chrono Boost)  
  90  6:46  Void Ray (Chrono Boost)  
  94  6:50  Robotics Bay  
  94  6:56  Robotics Facility  
  94  7:08  Probe  
  94  7:10  Probe x2  
  97  7:19  Probe  
  97  7:22  Probe x2  
  100  7:29  Void Ray (Chrono Boost)  
  104  7:30  Probe  
  104  7:34  Probe x2  
  107  7:40  Probe  
  108  7:46  Probe x2  
  107  8:16  Colossus x2  
  123  8:20  Void Ray (Chrono Boost)  
  123  8:26  Void Ray x2 (Chrono Boost)  
  131  8:27  Pylon  
  131  8:30  Pylon  
  131  8:42  Pylon  
  131  8:47  Pylon  
  131  9:09  Colossus (Chrono Boost)  
  131  9:10  Colossus (Chrono Boost)  
  143  9:23  Void Ray x2 (Chrono Boost)  
  159  9:28  Void Ray x2 (Chrono Boost)  
  159  9:32  Pylon  
  159  9:34  Pylon  
  159  9:35  Pylon  
  159  9:59  Colossus (Chrono Boost)  
  159  10:03  Colossus (Chrono Boost)  
  183  10:16  Nexus  
  183  10:17  Void Ray x2 (Chrono Boost), Assimilator  
  183  10:18  Void Ray (Chrono Boost)  
  183  10:19  Assimilator  
  183  10:22  Void Ray (Chrono Boost)  
  187  10:43  Colossus  
  181  10:54  Colossus  
Tags
 
Add a new tag
Caveats
  • Supply blocks, unpowered buildings, or Contaminate may cause inaccurate times.
  • Supply counts are checked every 10 seconds.